 Dungeon Crawl Stone Soup version 0.16-a0-1196-ged0958e (webtiles) character file.

12278 Ololoev the Impaler (level 11, -18/80 (81) HPs)
             Began as a Merfolk Assassin on Oct 11, 2014.
             Was a Priest of Qazlal.
             Killed from afar by a fire giant (33 damage)
             ... with a fireball
             ... on level 12 of the Dungeon.
             The game lasted 01:36:22 (16845 turns).

Ololoev the Impaler (Merfolk Assassin)             Turns: 16845, Time: 01:36:23

HP:   -18/80 (81)   AC: 13    Str: 18    XL:     11   Next: 90%
MP:   10/19         EV: 15    Int: 10    God:    Qazlal [***...]
Gold: 188           SH:  4    Dex: 15    Spells: 1 memorised, 8 levels left

rFire  . . .     SeeInvis .     a - +0 halberd
rCold  . . .     Clarity  +     T - +0 troll leather armour
rNeg   . . .     SustAb   .     (no shield)
rPois  .         Gourm    .     W - +2 hat
rElec  .         Spirit   .     d - +0 cloak
rCorr  .         Warding  .     D - +0 pair of gloves
rMut   .         Stasis   .     L - +0 pair of boots
MR     .....                    E - amulet of clarity
Stlth  ++........               w - +4 ring of protection
                                N - +2 ring of strength

@: not resistant to hostile enchantments, unstealthy
A: change form in water, swift swim
a: Upheaval, Elemental Force, Renounce Religion


You were on level 12 of the Dungeon.
You worshipped Qazlal.
Qazlal was most pleased with you.
You were not hungry.

You visited 1 branch of the dungeon, and saw 12 of its levels.

You collected 625 gold pieces.
You spent 437 gold pieces at shops.

Inventory:

Hand weapons
 a - a +0 halberd (weapon)
 b - the +5 blowgun "Psata" {evade, rC+ Dex+1}
   (You bought it in a shop on level 8 of the Dungeon)

   It affects your evasion (+5 to EV).
   It affects your dexterity (+1).
   It protects you from cold.
 G - a +0 scythe of slicing
Missiles
 e - 25 poisoned needles
 Z - 4 javelins of penetration (quivered)
Armour
 d - a +0 cloak (worn)
 D - a +0 pair of gloves (worn)
 L - a +0 pair of boots (worn)
 T - a +0 troll leather armour (worn)
 W - a +2 hat (worn)
Magical devices
 f - a wand of draining (4)
 B - a wand of cold (8)
 M - a wand of confusion (4)
 Q - a wand of flame (42)
 U - a wand of flame (11)
Comestibles
 g - 9 bread rations
 j - 6 meat rations
 n - a rotting chunk of komodo dragon flesh
 t - 5 chunks of centaur flesh
 u - 9 slices of pizza
 K - 2 beef jerkies
Scrolls
 i - a scroll of blinking
 k - 6 scrolls of remove curse
 l - 5 scrolls of teleportation
 m - a scroll of enchant armour
 s - 5 scrolls of enchant weapon
 x - 5 scrolls of immolation
 F - 2 scrolls of silence
 J - 2 scrolls of magic mapping
Jewellery
 w - a +4 ring of protection (right hand)
 y - an uncursed ring of flight
 E - an amulet of clarity (around neck)
 N - a +2 ring of strength (left hand)
Potions
 c - a potion of restore abilities {unknown}
 h - 3 potions of might
 o - 4 potions of agility
 p - a potion of porridge
 q - a potion of flight
 r - 4 potions of curing
 z - a potion of cure mutation {unknown}
 A - a potion of invisibility {unknown}
 I - a potion of lignification {unknown}
 P - a potion of berserk rage {unknown}
 R - a potion of cancellation {unknown}


   Skills:
 + Level 5.8 Fighting
   Level 2.4 Short Blades
 * Level 17.4 Polearms
 - Level 9.0 Throwing
 + Level 6.8 Dodging
 - Level 4.3 Stealth
 - Level 5.0 Invocations
 - Level 5.0 Evocations


You had 8 spell levels left.
You knew the following spells:

 Your Spells              Type           Power        Failure   Level  Hunger
a - Repel Missiles        Chrm/Air       #.....       61%         2    ###....


Dungeon Overview and Level Annotations

Branches:
Dungeon (12/15)            Temple (0/1) D:4             Orc (0/4) D:12
   Lair (0/8) D:10

Altars:
Cheibriados
Elyvilon
Fedhas
Kikubaaqudgha
Nemelex Xobeh
Qazlal
Ru
Trog
Vehumet
Zin

Shops:
D:5 *   D:6 !   D:8 (   D:10 [

Annotations:
D:5 exclusion: statue
D:8 Kashira's ghost, experienced VSBe


Message History

The air elemental hits the six-headed hydra!
The six-headed hydra bites the air elemental! x2
The air elemental is destroyed!
The six-headed hydra bites you!
The six-headed hydra bites you but does no damage.
The six-headed hydra bites you. The six-headed hydra bites you!
A fire giant comes into view.
It is wielding a great sword of flaming.
Drink which item? (? for menu, Esc to quit)
You feel much better.
Read which item? (? for menu, Esc to quit)
As you read the scroll of fear, it crumbles to dust.
You assume a fearsome visage.
The fire giant resists with almost no effort.
The six-headed hydra seems to regain its courage.
The fire giant gestures at you while chanting.
The bolt of fire hits you!
* * * LOW HITPOINT WARNING * * *
The fire giant gestures at you while chanting.
The fireball explodes!
The fireball engulfs you!
You die...

#..<# .#.#.....#####.##
#.(.# .#.###...........
#..)##+#.....<######.#.
## #.........##.....# .##
#...(.....##.###.# ..#
#.>.......##.#..... ..#
#....D....##.#.# ##
#.....C...##...#.#### ..#
#........@..........# ###
.###..#..ยง...#######.#.#
.....................#
####################


You could see a fire giant and a six-headed hydra.

Vanquished Creatures
  A centaur warrior (D:12)
  A deep troll earth mage (D:12)
  2 unseen horrors
  An ugly thing (D:11)
  A cyclops (D:11)
  2 komodo dragons
  3 gargoyles
  3 trolls
  The ghost of Foahim the Covered, an average DgFi (D:4)
  A two-headed ogre (D:9)
  3 deep elf magi
  4 yaks
  2 hippogriffs (D:11)
  A wyvern (D:10)
  A hill giant skeleton (D:7)
  2 hungry ghosts
  A human (D:7)
  A sky beast (D:7)
  5 orc warriors
  An ice beast (D:6)
  A black bear (D:5)
  6 ogres
  A phantom (D:5)
  The ghost of Foahim the Slasher, an average DsGl (D:3)
  2 yellow wasps
  A necrophage (D:7)
  5 centaurs
  A big kobold (D:10)
  A gnoll sergeant (D:6)
  4 killer bees (D:7)
  3 scorpions
  2 wyvern skeletons
  A hippogriff zombie (D:12)
  An eye of draining (D:11)
  A quasit (D:8)
  An electric eel (D:12)
  3 crimson imps
  3 hounds
  A centaur zombie (D:9)
  2 giant frog zombies
  4 goliath beetles (D:7)
  7 orc priests
  8 orc wizards
  Crazy Yiuf (D:4)
  A gnoll shaman (D:8)
  A giant frog skeleton (D:5)
  5 jellies
  A yellow wasp zombie (D:12)
  6 worker ants
  5 iguanas
  3 sheep (D:7)
  A sky beast zombie (D:4)
  Ijyb (D:7)
  Jessica (D:3)
  An ogre skeleton (D:10)
  3 worker ant zombies
  11 gnolls
  An orc zombie (D:4)
  16 adders
  2 giant mites
  5 shadow imps
  A worm (D:3)
  3 giant geckos
  46 orcs
  4 ball pythons
  18 bats
  2 bat skeletons
  6 giant cockroaches
  6 goblins
  16 hobgoblins
  5 jackals (D:2)
  13 kobolds
  4 quokkas
  8 giant newts
  An orc skeleton (D:9)
  8 rats
  A rat skeleton (D:7)
  5 plants (D:10)
309 creatures vanquished.

Vanquished Creatures (collateral kills)
  2 electric eels (D:12)
2 creatures vanquished.

Vanquished Creatures (others)
  An air elemental (D:12)
  A fungus (D:4)
  A plant (D:10)
3 creatures vanquished.

Grand Total: 314 creatures vanquished

Notes
Turn   | Place    | Note
--------------------------------------------------------------
     0 | D:1      | Ololoev, the Merfolk Assassin, began the quest for the Orb.
     0 | D:1      | Reached XP level 1. HP: 16/16 MP: 1/1
   123 | D:1      | Reached XP level 2. HP: 20/22 MP: 2/2
   541 | D:1      | Reached XP level 3. HP: 27/27 MP: 3/3
   990 | D:2      | Found a sacrificial altar of Ru.
  1245 | D:2      | Found a sparkling altar of Nemelex Xobeh.
  1601 | D:3      | Reached XP level 4. HP: 33/33 MP: 4/4
  1888 | D:3      | Reached skill level 5 in Throwing
  1888 | D:3      | Reached XP level 5. HP: 31/38 MP: 5/5
  1921 | D:3      | Noticed Foahim's ghost (average DsGl)
  2366 | D:3      | Noticed Jessica
  2373 | D:3      | Killed Jessica
  2407 | D:3      | Found a stormy altar of Qazlal.
  2430 | D:3      | Became a worshipper of Qazlal Stormbringer
  2666 | D:4      | Noticed Foahim's ghost (average DgFi)
  2937 | D:3      | Reached skill level 6 in Throwing
  2937 | D:3      | Reached XP level 6. HP: 16/44 MP: 6/6
  3426 | D:4      | Noticed Crazy Yiuf
  3437 | D:4      | Killed Crazy Yiuf
  3656 | D:4      | Found a glowing silver altar of Zin.
  3776 | D:4      | Reached skill level 7 in Throwing
  3776 | D:4      | Reached XP level 7. HP: 50/50 MP: 7/7
  3791 | D:4      | Found a staircase to the Ecumenical Temple.
  4016 | D:4      | Acquired Qazlal's first power
  4103 | D:5      | Entered Level 5 of the Dungeon
  4228 | D:5      | Found a bloodstained altar of Trog.
  4696 | D:5      | Reached skill level 8 in Throwing
  5005 | D:5      | Reached skill level 9 in Throwing
  5055 | D:5      | Reached XP level 8. HP: 54/56 MP: 8/8
  5234 | D:5      | Found Ipaigaed's Assorted Antiques.
  5239 | D:5      | Bought a scroll labeled RUAJOE TIDENE for 21 gold pieces
  5239 | D:5      | Bought a scroll of identify for 42 gold pieces
  5239 | D:5      | Bought a dented platinum amulet for 105 gold pieces
  5239 | D:5      | Bought a scroll labeled WUTAEC VEWK for 21 gold pieces
  5249 | D:5      | Found a radiant altar of Vehumet.
  5277 | D:5      | Reached skill level 1 in Polearms
  6473 | D:6      | Found Seur's Distillery.
  6492 | D:6      | Bought a potion of heal wounds for 42 gold pieces
  6492 | D:6      | Bought 2 potions of curing for 56 gold pieces
  6605 | D:6      | Reached skill level 5 in Polearms
  7564 | D:7      | Found an ancient bone altar of Kikubaaqudgha.
  7901 | D:7      | Acquired Qazlal's second power
  8081 | D:7      | Reached skill level 1 in Invocations
  8081 | D:7      | Reached XP level 9. HP: 55/60 MP: 8/10
  8455 | D:7      | Reached skill level 10 in Polearms
  8756 | D:7      | Found a snail-covered altar of Cheibriados.
  9185 | D:7      | Found a snail-covered altar of Cheibriados.
  9263 | D:7      | Reached skill level 11 in Polearms
  9376 | D:7      | Noticed Ijyb
  9389 | D:7      | Killed Ijyb
  9595 | D:7      | Reached skill level 12 in Polearms
  9603 | D:7      | Acquired Qazlal's third power
  9642 | D:8      | Noticed Kashira's ghost (experienced VSBe)
  9729 | D:8      | Found Emua's Antique Weapon Boutique.
 10031 | D:8      | Learned a level 2 spell: Repel Missiles
 10643 | D:8      | Reached skill level 1 in Evocations
 10717 | D:8      | Reached skill level 5 in Invocations
 10717 | D:8      | Reached XP level 10. HP: 66/66 MP: 18/18
 10798 | D:9      | Reached skill level 13 in Polearms
 10891 | D:9      | Found a white marble altar of Elyvilon.
 10895 | D:9      | Found a blossoming altar of Fedhas.
 11033 | D:8      | Bought a crude blowgun for 150 gold pieces
 11034 | D:8      | Identified the +5 blowgun "Psata" {evade, rC+ Dex+1} (You bought it in a shop on level 8 of the Dungeon)
 11281 | D:9      | Noticed a gargoyle
 11287 | D:9      | Killed a gargoyle
 12392 | D:3      | Acquired Qazlal's fourth power
 12396 | D:3      | Reached skill level 5 in Evocations
 12694 | D:3      | Killed Foahim's ghost
 12772 | D:4      | Killed Foahim's ghost
 12772 | D:4      | Reached skill level 14 in Polearms
 13017 | D:10     | Entered Level 10 of the Dungeon
 13256 | D:10     | Found a staircase to the Lair.
 13301 | D:10     | Reached skill level 15 in Polearms
 14055 | D:10     | Found Psittiruru's Armour Boutique.
 14406 | D:11     | Reached XP level 11. HP: 51/74 MP: 19/19
 14450 | D:11     | Killed an unseen horror
 14543 | D:11     | Noticed a green ugly thing
 14590 | D:11     | Killed a green ugly thing
 14590 | D:11     | Reached skill level 16 in Polearms
 14882 | D:11     | Found a stormy altar of Qazlal.
 15007 | D:11     | Noticed a cyclops
 15031 | D:11     | Killed a cyclops
 15031 | D:11     | Reached skill level 5 in Dodging
 15954 | D:12     | Found a staircase to the Orcish Mines.
 16293 | D:12     | Reached skill level 5 in Fighting
 16452 | D:12     | Noticed an orc knight
 16503 | D:12     | Killed an unseen horror
 16503 | D:12     | Reached skill level 17 in Polearms
 16606 | D:12     | Noticed a deep troll earth mage
 16656 | D:12     | Noticed a flayed ghost
 16658 | D:12     | Killed a deep troll earth mage
 16715 | D:12     | Noticed a centaur warrior
 16745 | D:12     | Killed a centaur warrior
 16817 | D:12     | Noticed a six-headed hydra
 16840 | D:12     | Noticed a fire giant
 16845 | D:12     | Killed from afar by a fire giant

Action                   |  1- 3 |  4- 6 |  7- 9 | 10-12 || total
-------------------------+-------+-------+-------+-------++-------
Melee: Dagger            |   158 |   128 |   135 |       ||   421
       Scythe            |       |       |   102 |       ||   102
       Halberd           |       |       |   356 |   392 ||   748
       Short sword       |       |       |     3 |       ||     3
 Fire: Blowgun           |    15 |    53 |   172 |   249 ||   489
Throw: Javelin           |       |       |     1 |    20 ||    21
Invok: Upheaval          |       |       |     1 |       ||     1
       Elemental Force   |       |       |       |     4 ||     4
Evoke: Wand              |       |       |     2 |       ||     2
  Use: Scroll            |       |     6 |    10 |    11 ||    27
       Potion            |       |       |     2 |     2 ||     4
 Stab: Sleeping          |     2 |       |       |       ||     2
       Distracted        |     1 |       |     1 |     1 ||     3
  Eat: Chunk             |     2 |     6 |    20 |    16 ||    44
       Fruit             |       |       |     4 |       ||     4
       Beef jerky        |       |       |       |     2 ||     2
       Royal jelly       |       |       |       |     1 ||     1
